 Dungeon Crawl Stone Soup version 0.30.0-29-ga12c61a403 (webtiles) character file.

Game seed: 713472779326076457

67 Dadbod the Chopper (level 4, 0/28 HPs)
             Began as a Tengu Chaos Knight on June 22, 2023.
             Was a Plaything of Xom.
             Slain by an orc
             ... wielding a +1 dagger of chaos
              (2 damage)
             ... on level 3 of the Dungeon.
             The game lasted 00:04:58 (1738 turns).

Dadbod the Chopper (Tengu Chaos Knight)             Turns: 1738, Time: 00:05:00

Health: 0/28       AC:  3    Str: 12 (13) XL:     4   Next: 18%
Magic:  5/5        EV: 11    Int: 16      God:    Xom [......]
Gold:   136        SH:  0    Dex: 13      Spells: 3/3 levels left

rFire   . . .        a - +0 hand axe (chaos)
rCold   . . .        (no shield)
rNeg    . . .        b - +2 leather armour
rPois   .            (helmet restricted)
rElec   .            (no cloak)
rCorr   .            (no gloves)
SInv    .            (boots unavailable)
Will    .....        (no amulet)
Stlth   +            (no ring)
HPRegen 0.24/turn    (no ring)
MPRegen 0.09/turn

%: no passive effects
@: lethally poisoned (0 -> -5)
A: beak, talons 3, clever 1, deformed body
a: Renounce Religion


You were on level 3 of the Dungeon.
You worshipped Xom.
You were a very special plaything of Xom.
You visited 1 branch of the dungeon, and saw 3 of its levels.

You collected 136 gold pieces.

Inventory:

Hand Weapons
 a - a +0 hand axe of chaos (weapon)
Armour
 b - a +2 leather armour (worn)
Jewellery
 h - an amulet of magic regeneration
Scrolls
 d - a scroll of poison
 i - 2 scrolls of brand weapon
Potions
 e - a potion of resistance
 f - a potion of flight
 g - a potion of heal wounds {unknown}
 j - a potion of might {unknown}
 k - a potion of degeneration {unknown}
 l - a potion of berserk rage {unknown}
 m - a potion of curing {unknown}
Miscellaneous
 c - a piece from Xom's chessboard (15/15) (quivered)


   Skills:
 * Level 3.5 Fighting
 * Level 4.5 Axes
 * Level 2.4 Armour
 * Level 1.7 Dodging
 * Level 0.1 Evocations


You had 3 spell levels left.
You didn't know any spells.
Your spell library was empty.

Dungeon Overview and Level Annotations

Branches:
Dungeon (3/15)

Altars:
Dithmenos


Innate Abilities, Weirdness & Mutations

You have a beak for a mouth.
You have claws for feet.
Your mind is acute. (Int +4, Str/Dex -1)
Armour fits poorly on your strangely shaped body.


Message History

You barely miss the hobgoblin. Your kick misses the hobgoblin.
You peck the hobgoblin.
The hobgoblin is heavily wounded.
The hobgoblin closely misses you.
You hit the hobgoblin. You burn the hobgoblin.
You kill the hobgoblin!
You see here a hobgoblin corpse.
m - a black potion
There is a stone staircase leading up here.
An orc comes into view. It is wielding a +0 morningstar.
The orc shouts! 2 orcs come into view.
The orc shouts! x2
An orc comes into view. It is wielding a +0 short sword.
A goblin comes into view. It is wielding a +0 club.
Found a stone staircase leading up. "Have a taste of chaos, mortal."
The orc's +0 dagger erupts in a glittering mayhem of colour.
The orc barely misses you. The orc closely misses you.
The orc hits you but does no damage.
The goblin shouts!
You hit the orc. You freeze the orc.
You kill the orc!
You barely miss the orc. x2
You hear an angry hiss.
The orc closely misses you. The orc barely misses you.
You hit the orc but do no damage. x2; You drain the orc.
You hit the orc. You freeze the orc. The orc hits you with a +0 morningstar!
The orc hits you with a +1 dagger of chaos.
You are poisoned.
The orc hits you with a +0 short sword.
Unknown command.
You hit the orc. Lightning courses through the orc!
You kill the orc!
You hit the orc. You closely miss the orc.
You feel sick. The orc hits you with a +0 morningstar!
* * * LOW HITPOINT WARNING * * *
The orc hits you with a +1 dagger of chaos.
You die... "Huh?
Did I miss anything?"

#.......#
##.......
#.......
###......
<...... ###g...
#...o)#
###.#.#@#
......o.#
###.#.#.#
........#
#######.# ###
#.# #.. #.# #.#
#.# #.#
##.####.########


You could see 2 orcs and a goblin.

Vanquished Creatures
  An adder (D:2)
  An adder skeleton (D:2)
  A worm (D:2)
  A dart slug (D:2)
  2 orcs (D:3)
  A ball python (D:2)
  2 endoplasms (D:2)
  2 giant cockroaches
  3 goblins
  2 hobgoblins
  3 jackals (D:2)
  2 kobolds
  2 quokkas
  4 ball python skeletons (D:2)
  A ball python zombie (D:2)
  4 bats (D:2)
  2 frilled lizards
  A giant cockroach zombie (D:2)
  A jackal zombie (D:2)
  A quokka skeleton (D:2)
  A quokka zombie (D:2)
  18 rats (D:2)
56 creatures vanquished.

Notes
Turn   | Place    | Note
-------+----------+-------------------------------------------
     0 | D:1      | Dadbod the Tengu Chaos Knight began the quest for the Orb.
     0 | D:1      | Reached XP level 1. HP: 14/14 MP: 2/2
   245 | D:1      | Reached XP level 2. HP: 16/19 MP: 3/3
   668 | D:2      | Reached skill level 4 in Axes
   668 | D:2      | Reached XP level 3. HP: 13/23 MP: 4/4
   669 | D:2      | Gained mutation: Your mind is acute. (Int +4, Str/Dex -1)
                  | [potion of mutation]
   669 | D:2      | Gained mutation: Armour fits poorly on your strangely
                  | shaped body. [potion of mutation]
   669 | D:2      | XOM: smoke on damage
  1100 | D:2      | XOM: silly message
  1239 | D:2      | XOM: divination: magic mapping
  1308 | D:2      | XOM: silly message
  1477 | D:2      | Found a shadowy altar of Dithmenos.
  1581 | D:2      | Reached XP level 4. HP: 25/28 MP: 5/5
  1644 | D:2      | XOM: stat loss: -1 Str (12/13)
  1716 | D:3      | XOM: 2-stop teleportation journey
  1735 | D:3      | XOM: chaos upgrade
  1738 | D:3      | Slain by an orc

Illustrated notes

Levels and vault maps discovered:
D:1:      matt_arrival_refuge, layout_loops_ring
D:2:      layout_loops_corners, basic_altar, serial_undead, serial_undead_c,
          serial_undead_f, serial_undead_a, serial_undead_f, serial_undead_a,
          serial_undead_e, serial_undead_c, minmay_rat_hole
D:3:      layout_loops_ring, marbit_many_paths, chequers_ecumenical_altar_simple

Skill      XL: |  1  2 |
---------------+-------+-----
Axes           | 4 |  4.5
Fighting       | |  3.5
Armour         | |  2.4
Dodging        | |  1.7
Evocations     | |  0.1

Action                     |  1- 3 |  4- 6 || total
---------------------------+-------+-------++-------
  Melee: Hand axe          |    86 |    16 ||   102
         Kick              |    16 |     1 ||    17
         Peck              |    10 |     1 ||    11
    Use: Scroll            |     3 |     1 ||     4
         Potion            |     3 |       ||     3
   Stab: Sleeping          |       |     1 ||     1
 Armour: Leather armour    |    31 |     1 ||    32
  Dodge: Dodged            |    59 |    10 ||    69
